Description

The standard Starcraft 2 LotV macro in a PVT Bild match involves going to the Colossians through a pancake, but can also be transformed into various aggressions or other mixes.

VOD

https://www.youtube.com/watch?v=ck_KGJM0Eo0

Replay - MindelVK vs soul

Build Order

Get SALT Encoding   

  12  0:00  Probe  
  13  0:12  Probe  
  14  0:18  Pylon  
  14  0:24  Probe (Chrono Boost)  
  15  0:38  Probe (Chrono Boost)  
  15  0:39  Gateway  
  16  0:43  Probe (Chrono Boost)  
  16  0:46  Assimilator  
  17  0:52  Probe  
  18  1:04  Probe  
  19  1:16  Probe  
  20  1:24  Nexus  
  20  1:34  Cybernetics Core  
  20  1:36  Probe  
  21  1:41  Assimilator  
  21  1:48  Probe  
  21  1:51  Pylon  
  23  2:07  Stalker (Chrono Boost)  
  23  2:11  Warp Gate  
  27  2:26  Twilight Council  
  29  2:45  Stalker  
  33  2:58  Blink (Chrono Boost)  
  39  3:30  Pylon  
  39  3:33  Robotics Facility  
  39  3:34  Stalker  
  45  3:48  Gateway x2  
  45  3:53  Assimilator x2  
  47  4:04  Pylon  
  48  4:14  Stalker  
  52  4:21  Observer  
  54  4:25  Robotics Bay  
  54  4:27  Forge  
  55  4:40  Nexus  
  55  4:43  Observer (Chrono Boost)  
  55  4:44  Pylon  
  56  4:47  Charge  
  56  4:53  Stalker  
  56  4:59  Observer (Chrono Boost)  
  61  5:01  Protoss Ground Weapons Level 1  
  61  5:06  Observer  
  62  5:12  Observer  
  63  5:14  Colossus (Chrono Boost)  
  73  5:35  Sentry  
  73  5:36  Zealot  
  75  5:44  Gateway x3  
  75  5:58  Colossus (Chrono Boost)  
  81  6:13  Zealot x3  
  89  6:27  Extended Thermal Lance  
  90  6:36  Zealot x5  
  98  6:46  Colossus  
  105  6:56  Zealot  
  90  7:28  Stalker x4, Protoss Ground Weapons Level 2 (Chrono Boost)  
  90  7:29  Sentry  
  102  7:37  Colossus (Chrono Boost)  
  111  7:48  Forge  
  113  7:52  Assimilator  
  114  8:02  Templar Archives  
  114  8:04  Assimilator  
  116  8:09  Nexus  
  116  8:17  Disruptor (Chrono Boost), Observer  
  130  8:31  Protoss Ground Armor Level 1 (Chrono Boost)  
  131  8:35  Robotics Facility  
  132  8:41  High Templar x2  
  132  8:45  Archon  
  140  8:49  Disruptor  
  146  9:01  Assimilator x2  
  149  9:10  High Templar x2  
  149  9:14  Archon  
  157  9:17  Gateway x3  
  157  9:23  Gateway  
  157  9:28  Disruptor x2  
  157  9:29  Protoss Ground Weapons Level 3 (Chrono Boost)  
  165  9:50  Dark Shrine  
  171  10:03  Warp Prism  
  130  10:22  Colossus (Chrono Boost)  
  137  10:39  Colossus (Chrono Boost)  
  131  10:47  Stalker  
  139  11:11  Nexus  
  139  11:34  Colossus x2  
  151  11:40  High Templar x4  
  151  11:46  Archon x2  
  178  13:04  Colossus  
  181  14:04  Colossus  
  185  14:13  Warp Prism  
  181  14:25  High Templar x2  
  193  14:36  Archon x3  
  177  14:59  Dark Templar x2  
Spawning Tool Build Advisor. Get it on Overwolf

Go to:

Details

  • Created by: Kolhe
  • Published on: Jan 31, 2020
  • Modified on: Jan 31, 2020
  • Patch: 4.11.0
Show
View Real Time Build Order
Export as new Build Order

Comments (0)

There are no comments. Be the first!

Create an account to comment!